 Dungeon Crawl Stone Soup version 0.29.0-4-gdea44cf6ec (webtiles) character file.

Game seed: 14539589045499795145

134369 qw the Peltast (level 16, 0/155 HPs)
             Began as a Minotaur Berserker on Sept 10, 2022.
             Was an Elder of Trog.
             Shot with an arrow by a naga sharpshooter (2 damage)
             ... on level 3 of the Snake Pit.
             The game lasted 00:10:19 (31365 turns).

qw the Peltast (Minotaur Berserker)                Turns: 31365, Time: 00:10:19

Health: 0/155      AC: 30    Str: 28    XL:     16   Next: 62%
Magic:  3/13       EV:  9    Int:  4    God:    Trog [****..]
Gold:   228        SH: 25    Dex: 12    Spells: 15/15 levels left

rFire   + . .      SeeInvis +   r - +9 broad axe (vamp)
rCold   + . .      Faith    .   k - +0 tower shield
rNeg    . . .      Spirit   .   x - +3 plate armour {rF+}
rPois   .          Reflect  +   b - +2 hat
rElec   .          Harm     .   y - +0 cloak
rCorr   .          Rampage  .   d - +2 pair of gloves of the Zebra {rC+ Will+}
Will    ++...                   l - +2 pair of boots
Stlth   ..........              g - amulet of reflection
HPRegen 0.35/turn               i - +4 ring of slaying {mikee}
MPRegen 0.13/turn               v - ring of see invisible

@: lethally poisoned (0 -> -7), about to teleport, on berserk cooldown, slowed,
very slow
A: horns 2, retaliatory headbutt, low MP 1, mutation resistance 1
a: Renounce Religion, Berserk, Trog's Hand, Brothers in Arms


You were on level 3 of the Snake Pit.
You worshipped Trog.
Trog was greatly pleased with you.
You visited 4 branches of the dungeon, and saw 25 of its levels.
You also visited: Ossuary.

You collected 2813 gold pieces.
You spent 2585 gold pieces at shops.


Innate Abilities, Weirdness & Mutations

You have a pair of horns on your head.
You reflexively headbutt those who attack you in melee.
Your magical capacity is low. (-10% MP)
You are somewhat resistant to further mutation.


   Skills:
 - Level 17.0 Fighting
 - Level 18.0 Axes
 - Level 9.0 Throwing
 - Level 14.6 Armour
 - Level 8.0 Dodging
 + Level 18.8 Shields


You had 15 spell levels left.
You didn't know any spells.
Your spell library was empty.

Inventory:

Hand Weapons
 r - a +9 vampiric broad axe (weapon)
 t - a +3 war axe of flaming
Missiles
 m - 12 boomerangs
 w - 14 javelins (quivered)
Armour
 b - a +2 hat (worn)
 d - the +2 pair of gloves of the Zebra (worn) {rC+ Will+}
   (You acquired it on level 3 of the Dungeon)

   rC:        It protects you from cold.
   Will:      It increases your willpower.
 k - a +0 tower shield (worn)
 l - a +2 pair of boots (worn)
 x - a +3 plate armour of fire resistance (worn)
 y - a +0 cloak (worn)
 z - a +1 plate armour of cold resistance
Jewellery
 g - an amulet of reflection (around neck)
 i - a +4 ring of slaying (left hand) {mikee}
 o - a ring of protection from fire
 u - a +4 ring of protection
 v - a ring of see invisible (right hand)
 B - a ring of protection from fire
Wands
 h - a wand of digging (4)
Scrolls
 a - 23 scrolls of identify
 e - 11 scrolls of teleportation
 j - a scroll of enchant weapon
 E - 2 scrolls of brand weapon
Potions
 c - 12 potions of curing
 f - 5 potions of haste
 p - 4 potions of might
 q - 3 potions of cancellation
 s - 3 potions of mutation
 D - a potion of resistance

Dungeon Overview and Level Annotations

Branches:
Dungeon (15/15)            Temple (0/1) D:6            Lair (5/5) D:11
 Shoals (0/4) Lair:3        Snake (3/4) Lair:2        Slime (0/5) Lair:5
    Orc (2/2) D:12            Elf (0/3) Orc:2        Vaults (0/5) D:13
 Depths (0/4) D:15        Ossuary (visited)

Altars:
Ashenzari
Dithmenos
Gozag
Hepliaklqana
Kikubaaqudgha
Qazlal
Trog
Vehumet
Xom
Zin
The Shining One

Shops:
D:2 [   D:4 ?   D:7 :   D:13 (   D:14 *   Orc:2 =*[(   Snake:1 *   Snake:2 *:[?

Portals:
Abyss: D:6

Annotations:
D:6 2 transporters, qw's ghost, amateur GrFi
D:9 1 runed translucent door
D:13 4 transporters
Lair:4 1 runed translucent door, qw's ghost, journeyman GrBe


Message History

You feel strangely unstable.
You feel extremely sick. You block the black mamba's attack.
The naga sharpshooter shoots an arrow.
You reflect the arrow off an invisible shield around you!
The arrow hits the naga sharpshooter!
You slice the black mamba!!
You feel better.
The black mamba is severely wounded.
You closely miss the anaconda.
You feel very sick. You block the black mamba's attack.
The naga sharpshooter spits poison at you.
The splash of poison reflects off an invisible shield around you!
The splash of poison hits the naga sharpshooter.
The naga sharpshooter is poisoned.
You block the anaconda's attack.
The anaconda bites you but does no damage.
The naga sharpshooter unwields a +0 scimitar.
The naga sharpshooter wields a +0 arbalest.
The naga sharpshooter casts a spell.
The naga sharpshooter magically shoots a bolt.
The bolt hits you.
The naga warrior roars a battlecry!
The nagas go into a battle-frenzy!
You hear a shout!
You slice the mana viper!! You headbutt the mana viper!
You kill the mana viper!
Trog accepts your kill.
You slice the black mamba!! You slash the anaconda!
You feel very sick. You block the black mamba's attack.
You block the anaconda's attack.
The anaconda bites you but does no damage.
You block the black mamba's attack.
The naga sharpshooter shoots an arrow.
The arrow hits you but does no damage. The black mamba bites you!
The anaconda barely misses you. You furiously retaliate!
You headbutt the anaconda. You block the anaconda's attack.
The naga sharpshooter spits poison at you.
The splash of poison misses you. The black mamba barely misses you.
The naga sharpshooter gestures wildly while chanting.
The naga sharpshooter magically shoots an arrow.
The arrow hits you.
You die... #####...####....#....># ...... ### ###....#..........## }..... ... ######............
N...SN## ## #..........N.
NN..NSS. .##............
N.NNNNS.

..?..#
....N........<.
....NN.) ....S#
#.......NN.....
......N. (.....
#.....S.N.....
........ ......
#....@SN.N...
........ ......
#.....S.N....
........ ......
#.......N....
........ ######
#............
........
#.....##......
...>. #.....
#..... .......
#.... ...."..
##..


You could see 2 naga warriors, 2 naga sharpshooters, an anaconda, 2 black mambas
and 5 nagas.

Vanquished Creatures
  Saint Roka (Orc:2)
  Vashnia (Snake:2)
  Kirke (D:14)
  A dire elephant (Lair:5)
  Josephine (D:13)
  Harold (D:11)
  Fannar (D:12)
  4 vault guards (D:13)
  7 hydras
  6 centaur warriors
  9 anacondas
  7 boulder beetles
  2 catoblepae
  6 two-headed ogres
  A death knight (D:15)
  2 naga warriors
  4 death yaks (Lair:5)
  A deep troll shaman (Lair:5)
  5 shock serpents
  4 naga sharpshooters
  2 orc high priests
  3 tengu warriors
  Urug (Lair:3)
  Sonja (Lair:4)
  2 salamander mystics
  Pikel (D:6)
  2 swamp dragons (Lair:2)
  3 naga ritualists
  A harpy (shapeshifter) (D:14)
  2 wizards (D:15)
  A phantasmal warrior (D:15)
  A deep elf pyromancer (D:12)
  A manticore (D:15)
  3 orc sorcerers (Orc:2)
  3 orc knights
  9 mana vipers
  3 oklob plants
  5 cyclopes
  4 ugly things
  4 salamanders
  14 elephants
  14 black mambas
  4 naga magi
  A torpor snail (Lair:2)
  15 cane toads
  A gargoyle (D:12)
  Maggie (D:6)
  8 komodo dragons
  2 unseen horrors
  3 freezing wraiths (D:15)
  3 rime drakes
  2 ice devils (D:13)
  2 efreet
  A tengu conjurer (D:14)
  3 meliai (D:15)
  4 polar bears
  A merfolk (D:10)
  A hornet (D:9)
  8 trolls
  Prince Ribbit (D:8)
  18 slime creatures (D:13)
  6 dream sheep (Lair:5)
  23 blink frogs
  4 centaur simulacra
  3 vampires
  8 wraiths
  2 shadows (D:9)
  44 yaks
  6 wyverns
  6 basilisks
  2 hogs (D:14)
  2 steam dragons
  19 vampire mosquitoes
  15 nagas
  Menkaure (D:5)
  3 wargs
  Edmund (D:5)
  15 water moccasins
  An acid dragon (D:9)
  A sky beast (D:7)
  24 orc warriors
  2 swamp drakes (Lair:2)
  7 ice beasts
  3 black bears
  4 ogres
  26 wolves
  14 centaurs
  A phantom (D:6)
  4 lemures (D:6)
  2 elf zombies (Ossuary)
  3 necrophages
  10 bullfrogs
  2 gnoll sergeants
  A scorpion (D:6)
  3 wights (D:6)
  10 killer bees
  6 electric eels
  5 howler monkeys
  4 centaur zombies (Ossuary)
  A human zombie (Ossuary)
  A jelly (D:7)
  10 hounds
  14 orc priests
  A gnoll bouda (D:8)
  17 orc wizards
  6 hell rats (Lair:2)
  2 mummies (Ossuary)
  11 gnolls
  8 adders
  A shadow imp (D:5)
  4 white imps (D:13)
  6 ufetubi
  An adder zombie (Ossuary)
  4 dart slugs
  66 orcs
  8 bats
  9 endoplasms
  9 giant cockroaches
  10 goblins
  8 hobgoblins
  2 jackals (D:5)
  6 quokkas
  8 ball pythons
  4 frilled lizards
  A goblin zombie (Ossuary)
  13 hobgoblin zombies (Ossuary)
  7 kobolds
  8 kobold zombies (Ossuary)
  5 orc zombies (Ossuary)
  8 rats
  2 rat zombies (Ossuary)
  A spectral hobgoblin (D:14)
  A fungus (Lair:2)
780 creatures vanquished.

Vanquished Creatures (collateral kills)
  An orc warlord (Orc:1)
  An ettin (D:15)
  A rakshasa (D:11)
  4 hydras
  A centaur warrior (D:15)
  A tengu warrior (D:15)
  A naga sharpshooter (Snake:2)
  An orc knight (Orc:2)
  A wizard (D:15)
  2 elephants (Lair:5)
  A manticore (D:11)
  A cane toad (Lair:1)
  2 blink frogs (Lair:5)
  2 hogs (D:14)
  3 yaks (Lair:1)
  A hog (shapeshifter) (D:15)
  An orc warrior (Orc:2)
  A centaur (D:11)
  An orc priest (Orc:2)
  3 orc wizards (Orc:2)
  An orc (Orc:2)
31 creatures vanquished.

Vanquished Creatures (others)
  2 electric eels (D:11)
  A bush (Lair:1)
  32 fungi
  42 plants
77 creatures vanquished.

Grand Total: 888 creatures vanquished

Notes
Turn   | Place    | Note
-------+----------+-------------------------------------------
     0 | D:1      | qw the Minotaur Berserker began the quest for the Orb.
     0 | D:1      | Reached XP level 1. HP: 19/19 MP: 0/0
     0 | D:1      | 0 ||| qw: Version: 0.1-a-113-g051387a
     0 | D:1      | 0 ||| qw: Game counter: 7382
     0 | D:1      | 0 ||| qw: Always use a shield: true
     0 | D:1      | 0 ||| qw: Do Orc after D:15 true
     0 | D:1      | 0 ||| qw: Do second Lair branch before Depths: true
     0 | D:1      | 0 ||| qw: Lair rune preference: random
     0 | D:1      | 0 ||| qw: Plans: Normal
     0 | D:1      | 0 ||| PLANNING D:1-11
    40 | D:1      | 40 ||| INVOKING Berserk.
    43 | D:1      | Reached XP level 2. HP: 17/26 MP: 1/1
   494 | D:1      | Found a faded altar of an unknown god.
   633 | D:1      | Reached XP level 3. HP: 31/31 MP: 2/2
   663 | D:1      | 663 ||| DROPPING +0 club.
  1190 | D:1      | 1190 ||| UPGRADING to +4 ring mail.
  1200 | D:1      | 1200 ||| DROPPING +0 animal skin.
  1201 | D:1      | 1201 ||| READING scroll labelled HAEPAM FAKYNOD.
  1202 | D:1      | 1202 ||| READING scroll labelled XOAGUA YQEGROTT.
  1203 | D:1      | 1203 ||| READING scroll labelled FERUCH CUJEI.
  1304 | D:1      | 1304 ||| READING scroll labelled XUZYZ GURAISCHU.
  1305 | D:1      | 1305 ||| READING scroll labelled HIYPSI HOAGIUDD.
  1629 | D:2      | 1629 ||| Stepping ~*~*~tactically~*~*~ (stealth).
  1669 | D:2      | Found Fyca's Antique Armour Boutique.
  1675 | D:2      | 1675 ||| SHOPLISTING embroidered hat (112 gold, have 91).
  1675 | D:2      | 1675 ||| SHOPLISTING plate armour (368 gold, have 91).
  1778 | D:2      | Reached ** piety under Trog
  2241 | D:2      | 2241 ||| Stepping ~*~*~tactically~*~*~ (stealth).
  2246 | D:2      | 2246 ||| READING scroll labelled UNLOIL PICA.
  2247 | D:2      | 2247 ||| READING scroll labelled CESTOA MUJA.
  2248 | D:2      | 2248 ||| READING scroll labelled EMANEL EMUFFUTH.
  2280 | D:3      | 2280 ||| STAIRDANCE
  2292 | D:3      | 2292 ||| STAIRDANCE
  2328 | D:3      | 2328 ||| STAIRDANCE
  2332 | D:2      | Reached skill level 6 in Axes
  2332 | D:2      | Reached XP level 4. HP: 38/39 MP: 3/3
  2392 | D:3      | Identified the +1 leather armour of a Billion Defenders
                  | {rCorr}
  2395 | D:3      | 2395 ||| Stepping ~*~*~tactically~*~*~ (stealth).
  2398 | D:3      | 2398 ||| Stepping ~*~*~tactically~*~*~ (stealth).
  2399 | D:3      | 2399 ||| Stepping ~*~*~tactically~*~*~ (stealth).
  2402 | D:3      | 2402 ||| Stepping ~*~*~tactically~*~*~ (stealth).
  2447 | D:3      | 2447 ||| Stepping ~*~*~tactically~*~*~ (stealth).
  2510 | D:3      | 2510 ||| Stepping ~*~*~tactically~*~*~ (stealth).
  2512 | D:3      | 2512 ||| Stepping ~*~*~tactically~*~*~ (stealth).
  2525 | D:3      | 2525 ||| READING scroll of brand weapon.
  2525 | D:3      | 2525 ||| BRANDING +0 hand axe of freezing.
  2573 | D:3      | Identified the +12 hand axe of Dim Light {flame, rC++ Int+2
                  | Dex-5 Stlth+}
  2575 | D:3      | 2575 ||| SWAPPING to +12 hand axe of Dim Light {flame, rC++
                  | Int+2 Dex-5 Stlth+}.
  2576 | D:3      | 2576 ||| DROPPING +0 whip.
  2577 | D:3      | 2577 ||| DROPPING +0 hand axe of protection.
  2614 | D:3      | 2614 ||| Stepping ~*~*~tactically~*~*~ (hiding).
  2620 | D:3      | 2620 ||| INVOKING Berserk.
  2623 | D:3      | Reached XP level 5. HP: 45/45 MP: 4/4
  2625 | D:3      | Reached skill level 1 in Throwing
  2834 | D:3      | 2834 ||| Stepping ~*~*~tactically~*~*~ (stealth).
  3153 | D:3      | 3153 ||| UPGRADING to +0 chain mail.
  3163 | D:3      | 3163 ||| DROPPING +4 ring mail.
  3164 | D:3      | 3164 ||| UPGRADING to +4 ring of slaying {mikee}.
  3165 | D:3      | 3165 ||| READING scroll labelled WIACKI UMAORRI.
  3165 | D:3      | Identified a scroll of acquirement
  3165 | D:3      | 3165 ||| ACQUIRING +2 pair of gloves of the Zebra {rC+
                  | Will+}
  3165 | D:3      | Acquired the +2 pair of gloves of the Zebra {rC+ Will+}
  3167 | D:3      | 3167 ||| UPGRADING to +2 pair of gloves of the Zebra {rC+
                  | Will+}.
  3172 | D:3      | 3172 ||| READING scroll labelled EHOCRE EDIXZASIO.
  3224 | D:4      | 3224 ||| PLANNING SEWER
  3278 | D:4      | Found a glowing golden altar of the Shining One.
  3358 | D:4      | 3358 ||| Stepping ~*~*~tactically~*~*~ (stealth).
  3359 | D:4      | 3359 ||| Stepping ~*~*~tactically~*~*~ (stealth).
  3361 | D:4      | 3361 ||| INVOKING Berserk.
  3363 | D:4      | Reached XP level 6. HP: 52/52 MP: 5/5
  3896 | D:4      | 3896 ||| Stepping ~*~*~tactically~*~*~ (stealth).
  3905 | D:4      | Reached *** piety under Trog
  3914 | D:4      | Found a glowing drain.
  3916 | D:4      | 3916 ||| DRINKING 2 inky potions.
  3953 | D:4      | 3953 ||| READING 2 scrolls of identify.
  3953 | D:4      | 3953 ||| IDENTIFYING clear potion
  3954 | D:4      | 3954 ||| DROPPING potion of lignification.
  4051 | D:4      | Found Extegroh's Magic Scroll Shoppe.
  4058 | D:4      | 4058 ||| BUYING scroll of identify (28 gold).
  4058 | D:4      | Bought a scroll of identify for 28 gold pieces
  4058 | D:4      | 4058 ||| BUYING scroll of identify (28 gold).
  4058 | D:4      | Bought a scroll of identify for 28 gold pieces
  4058 | D:4      | 4058 ||| BUYING scroll of identify (28 gold).
  4058 | D:4      | Bought a scroll of identify for 28 gold pieces
  4058 | D:4      | 4058 ||| BUYING scroll of teleportation (42 gold).
  4058 | D:4      | Bought a scroll of teleportation for 42 gold pieces
  4058 | D:4      | 4058 ||| BUYING scroll of teleportation (42 gold).
  4058 | D:4      | Bought a scroll of teleportation for 42 gold pieces
  4062 | D:4      | 4062 ||| RIP SEWER
  4062 | D:4      | 4062 ||| PLANNING D:1-11
  4130 | D:4      | 4130 ||| READING 4 scrolls of identify.
  4130 | D:4      | 4130 ||| IDENTIFYING emerald potion
  4131 | D:4      | 4131 ||| DROPPING potion of degeneration.
  4141 | D:5      | Entered Level 5 of the Dungeon
  4244 | D:5      | Noticed Menkaure
  4245 | D:5      | 4245 ||| Stepping ~*~*~tactically~*~*~ (hiding).
  4250 | D:5      | 4250 ||| INVOKING Berserk.
  4252 | D:5      | Killed Menkaure
  4253 | D:5      | Reached skill level 9 in Axes
  4385 | D:5      | Noticed Edmund
  4386 | D:5      | 4386 ||| Stepping ~*~*~tactically~*~*~ (stealth).
  4389 | D:5      | 4389 ||| INVOKING Berserk.
  4392 | D:5      | Killed Edmund
  4393 | D:5      | Reached XP level 7. HP: 59/59 MP: 6/6
  4823 | D:5      | 4823 ||| DROPPING amulet of magic regeneration.
  4824 | D:5      | 4824 ||| READING 4 scrolls of identify.
  4824 | D:5      | 4824 ||| IDENTIFYING fizzy amethyst potion
  4825 | D:5      | 4825 ||| DROPPING potion of flight.
  4958 | D:6      | 4958 ||| INVOKING Berserk.
  5143 | D:6      | Noticed Maggie
  5149 | D:6      | 5149 ||| INVOKING Berserk.
  5152 | D:6      | Killed Maggie
  5153 | D:6      | Reached XP level 8. HP: 37/70 MP: 7/7
  5232 | D:6      | Reached skill level 6 in Fighting
  5245 | D:6      | 5245 ||| FLEEEEING.
  5246 | D:6      | 5246 ||| FLEEEEING.
  5247 | D:6      | 5247 ||| FLEEEEING.
  5248 | D:6      | 5248 ||| FLEEEEING.
  5249 | D:6      | 5249 ||| FLEEEEING.
  5250 | D:6      | 5250 ||| FLEEEEING.
  5251 | D:6      | 5251 ||| FLEEEEING.
  5252 | D:6      | 5252 ||| FLEEEEING.
  5253 | D:6      | 5253 ||| FLEEEEING.
  5254 | D:6      | 5254 ||| FLEEEEING.
  5255 | D:6      | 5255 ||| FLEEEEING.
  5256 | D:6      | 5256 ||| FLEEEEING.
  5257 | D:6      | 5257 ||| FLEEEEING.
  5258 | D:6      | 5258 ||| FLEEEEING.
  5263 | D:6      | 5263 ||| FLEEEEING.
  5264 | D:6      | 5264 ||| FLEEEEING.
  5265 | D:6      | 5265 ||| FLEEEEING.
  5266 | D:6      | 5266 ||| FLEEEEING.
  5267 | D:6      | 5267 ||| FLEEEEING.
  5268 | D:6      | 5268 ||| FLEEEEING.
  5269 | D:6      | 5269 ||| FLEEEEING.
  5270 | D:6      | 5270 ||| FLEEEEING.
  5271 | D:6      | 5271 ||| FLEEEEING.
  5272 | D:6      | 5272 ||| FLEEEEING.
  5273 | D:6      | 5273 ||| FLEEEEING.
  5274 | D:6      | 5274 ||| FLEEEEING.
  5279 | D:6      | 5279 ||| FLEEEEING.
  5280 | D:6      | 5280 ||| FLEEEEING.
  5281 | D:6      | 5281 ||| FLEEEEING.
  5282 | D:6      | 5282 ||| FLEEEEING.
  5283 | D:6      | 5283 ||| FLEEEEING.
  5284 | D:6      | 5284 ||| FLEEEEING.
  5285 | D:6      | 5285 ||| FLEEEEING.
  5286 | D:6      | 5286 ||| FLEEEEING.
  5287 | D:6      | 5287 ||| STAIRDANCE
  5368 | D:5      | 5368 ||| UPGRADING to ring of protection from fire.
  5369 | D:5      | 5369 ||| READING scroll labelled SIP AKAMIKATZ.
  5370 | D:5      | 5370 ||| READING 4 scrolls of identify.
  5370 | D:5      | 5370 ||| IDENTIFYING smoky golden potion
  5371 | D:5      | 5371 ||| DROPPING potion of berserk rage.
  5401 | D:6      | 5401 ||| Stepping ~*~*~tactically~*~*~ (hiding).
  5413 | D:6      | 5413 ||| Stepping ~*~*~tactically~*~*~ (stealth).
  5414 | D:6      | 5414 ||| Stepping ~*~*~tactically~*~*~ (stealth).
  5415 | D:6      | 5415 ||| Stepping ~*~*~tactically~*~*~ (stealth).
  5456 | D:6      | Noticed a small abomination
  5458 | D:6      | Noticed an ancient zyme
  5533 | D:6      | 5533 ||| Stepping ~*~*~tactically~*~*~ (hiding).
  5728 | D:6      | Reached skill level 12 in Axes
  5784 | D:6      | 5784 ||| Stepping ~*~*~tactically~*~*~ (stealth).
  5795 | D:6      | Found a staircase to the Ecumenical Temple.
  5811 | D:6      | Found a transporter.
  5825 | D:6      | Found a transporter.
  6019 | D:6      | Found a one-way gate to the infinite horrors of the Abyss.
  6019 | D:6      | Noticed qw's ghost (amateur GrFi)
  6032 | D:6      | Noticed Pikel
  6033 | D:6      | 6033 ||| Stepping ~*~*~tactically~*~*~ (stealth).
  6034 | D:6      | 6034 ||| Stepping ~*~*~tactically~*~*~ (stealth).
  6132 | D:6      | 6132 ||| INVOKING Berserk.
  6135 | D:6      | Killed Pikel
  6136 | D:6      | Reached XP level 9. HP: 82/82 MP: 8/8
  6281 | D:6      | 6281 ||| UPGRADING to +0 pair of boots.
  6286 | D:6      | 6286 ||| UPGRADING to +0 swamp dragon scales.
  6296 | D:6      | 6296 ||| READING scroll labelled ZAXEER KUSSUM.
  6297 | D:6      | 6297 ||| READING scroll labelled SIOSIN TUHI.
  6298 | D:6      | 6298 ||| READING scroll labelled XUNERU KOUNOVO.
  6299 | D:6      | 6299 ||| READING 3 scrolls of identify.
  6299 | D:6      | 6299 ||| IDENTIFYING dark potion
  6392 | D:7      | 6392 ||| Stepping ~*~*~tactically~*~*~ (stealth).
  6398 | D:7      | Reached skill level 3 in Throwing
  6398 | D:7      | 6398 ||| Stepping ~*~*~tactically~*~*~ (stealth).
  6425 | D:7      | Reached **** piety under Trog
  6476 | D:7      | Found an ancient bone altar of Kikubaaqudgha.
  6521 | D:7      | 6521 ||| Stepping ~*~*~tactically~*~*~ (stealth).
  6534 | D:7      | 6534 ||| FLEEEEING.
  6535 | D:7      | 6535 ||| FLEEEEING.
  6536 | D:7      | 6536 ||| FLEEEEING.
  6537 | D:7      | 6537 ||| FLEEEEING.
  6538 | D:7      | 6538 ||| FLEEEEING.
  6539 | D:7      | 6539 ||| FLEEEEING.
  6540 | D:7      | 6540 ||| FLEEEEING.
  6541 | D:7      | 6541 ||| FLEEEEING.
  6542 | D:7      | 6542 ||| FLEEEEING.
  6543 | D:7      | 6543 ||| FLEEEEING.
  6544 | D:7      | 6544 ||| FLEEEEING.
  6545 | D:7      | 6545 ||| FLEEEEING.
  6546 | D:7      | 6546 ||| FLEEEEING.
  6547 | D:7      | 6547 ||| STAIRDANCE
  6621 | D:6      | 6621 ||| UPGRADING to +6 ring of strength.
  6625 | D:7      | 6625 ||| STAIRDANCE
  6638 | D:7      | 6638 ||| Stepping ~*~*~tactically~*~*~ (stealth).
  6755 | D:7      | Found Quorph's Vocational Training.
  6845 | D:7      | Identified the +0 scale mail "Xamul Dol" {Int+4}
  6915 | D:7      | 6915 ||| DROPPING +0 scale mail "Xamul Dol" {Int+4}.
  6938 | D:8      | 6938 ||| PLANNING OSSUARY
  6965 | D:8      | 6965 ||| INVOKING Berserk.
  7093 | D:8      | Noticed Prince Ribbit
  7096 | D:8      | 7096 ||| INVOKING Berserk.
  7097 | D:8      | Killed Prince Ribbit
  7304 | D:8      | Found a sand-covered staircase.
  7305 | D:8      | 7305 ||| UPGRADING to +0 buckler.
  7310 | D:8      | 7310 ||| READING 4 scrolls of identify.
  7310 | D:8      | 7310 ||| IDENTIFYING ruby potion
  7315 | Ossuary  | Entered an ossuary
  7321 | Ossuary  | 7321 ||| Stepping ~*~*~tactically~*~*~ (stealth).
  7324 | Ossuary  | 7324 ||| Stepping ~*~*~tactically~*~*~ (stealth).
  7328 | Ossuary  | 7328 ||| Stepping ~*~*~tactically~*~*~ (stealth).
  7356 | Ossuary  | 7356 ||| Stepping ~*~*~tactically~*~*~ (stealth).
  7358 | Ossuary  | 7358 ||| Stepping ~*~*~tactically~*~*~ (stealth).
  7394 | Ossuary  | 7394 ||| Stepping ~*~*~tactically~*~*~ (stealth).
  7415 | Ossuary  | Reached skill level 1 in Shields
  7416 | Ossuary  | 7416 ||| Stepping ~*~*~tactically~*~*~ (stealth).
  7483 | Ossuary  | Reached skill level 3 in Shields
  7529 | Ossuary  | 7529 ||| Stepping ~*~*~tactically~*~*~ (stealth).
  7531 | Ossuary  | 7531 ||| Stepping ~*~*~tactically~*~*~ (stealth).
  7533 | Ossuary  | 7533 ||| Stepping ~*~*~tactically~*~*~ (stealth).
  7558 | Ossuary  | 7558 ||| DRINKING 2 green potions.
  7573 | D:8      | 7573 ||| PLANNING D:1-11
  7651 | D:8      | 7651 ||| SWAPPING to +0 broad axe.
  7652 | D:8      | 7652 ||| DROPPING +0 war axe.
  7653 | D:8      | 7653 ||| READING scroll of brand weapon.
  7653 | D:8      | 7653 ||| BRANDING +0 broad axe.
  7664 | D:8      | 7664 ||| INVOKING Berserk.
  7666 | D:8      | Reached XP level 10. HP: 90/90 MP: 9/9
  7953 | D:8      | 7953 ||| Stepping ~*~*~tactically~*~*~ (stealth).
  7954 | D:8      | 7954 ||| Stepping ~*~*~tactically~*~*~ (stealth).
  7961 | D:8      | Reached skill level 3 in Dodging
  7991 | D:8      | Found a radiant altar of Vehumet.
  7992 | D:8      | Noticed a two-headed ogre
  7996 | D:8      | 7996 ||| INVOKING Berserk.
  7998 | D:8      | Killed a two-headed ogre
  7999 | D:8      | Reached skill level 6 in Shields
  8078 | D:8      | Found a glowing silver altar of Zin.
  8078 | D:8      | Found a bloodstained altar of Trog.
  8078 | D:8      | Found a shimmering altar of Xom.
  8079 | D:8      | Found a broken altar of Ashenzari.
  8079 | D:8      | Found an opulent altar of Gozag.
  8247 | D:8      | 8247 ||| INVOKING Berserk.
  8377 | D:8      | 8377 ||| DROPPING +6 ring of intelligence.
  8378 | D:8      | 8378 ||| READING scroll labelled JEDGHA VAQOE.
  8384 | D:9      | 8384 ||| STAIRDANCE
  8401 | D:9      | 8401 ||| STAIRDANCE
  8407 | D:9      | 8407 ||| STAIRDANCE
  8438 | D:9      | 8438 ||| READING scroll of enchant weapon.
  8438 | D:9      | 8438 ||| ENCHANTING +0 vampiric broad axe.
  8646 | D:9      | Reached skill level 15 in Axes
  8808 | D:9      | Noticed a two-headed ogre
  8809 | D:9      | 8809 ||| Stepping ~*~*~tactically~*~*~ (hiding).
  8813 | D:9      | 8813 ||| INVOKING Berserk.
  8815 | D:9      | Killed a two-headed ogre
  8881 | D:9      | Found a runed translucent door.
  8897 | D:9      | 8897 ||| Stepping ~*~*~tactically~*~*~ (stealth).
  8900 | D:9      | 8900 ||| Stepping ~*~*~tactically~*~*~ (hiding).
  9008 | D:9      | 9008 ||| Stepping ~*~*~tactically~*~*~ (hiding).
  9009 | D:9      | 9009 ||| Stepping ~*~*~tactically~*~*~ (hiding).
  9177 | D:9      | Noticed a centaur warrior
  9178 | D:9      | 9178 ||| Stepping ~*~*~tactically~*~*~ (hiding).
  9184 | D:9      | Killed a centaur warrior
  9185 | D:9      | Reached XP level 11. HP: 97/99 MP: 10/10
  9473 | D:9      | Noticed a deep elf archer
  9510 | D:10     | Entered Level 10 of the Dungeon
  9516 | D:10     | 9516 ||| Stepping ~*~*~tactically~*~*~ (stealth).
  9518 | D:10     | 9518 ||| Stepping ~*~*~tactically~*~*~ (stealth).
  9523 | D:10     | Reached ***** piety under Trog
  9528 | D:10     | 9528 ||| Stepping ~*~*~tactically~*~*~ (stealth).
  9572 | D:10     | 9572 ||| READING scroll of enchant weapon.
  9572 | D:10     | 9572 ||| ENCHANTING +1 vampiric broad axe.
  9601 | D:10     | Noticed a two-headed ogre
  9605 | D:10     | 9605 ||| INVOKING Berserk.
  9607 | D:10     | Killed a two-headed ogre
  9900 | D:10     | 9900 ||| FLEEEEING.
  9901 | D:10     | 9901 ||| INVOKING Berserk.
  9977 | D:10     | 9977 ||| FLEEEEING.
 10083 | D:10     | 10083 ||| Stepping ~*~*~tactically~*~*~ (hiding).
 10341 | D:10     | 10341 ||| FLEEEEING.
 10342 | D:10     | 10342 ||| FLEEEEING.
 10446 | D:10     | 10446 ||| Stepping ~*~*~tactically~*~*~ (stealth).
 10451 | D:10     | 10451 ||| Stepping ~*~*~tactically~*~*~ (stealth).
 10452 | D:10     | 10452 ||| Stepping ~*~*~tactically~*~*~ (stealth).
 10524 | D:10     | Noticed a two-headed ogre
 10529 | D:10     | 10529 ||| INVOKING Berserk.
 10530 | D:10     | Killed a two-headed ogre
 10635 | D:10     | Found a shadowy altar of Dithmenos.
 10721 | D:10     | 10721 ||| Stepping ~*~*~tactically~*~*~ (hiding).
 10757 | D:10     | 10757 ||| FLEEEEING.
 10758 | D:10     | 10758 ||| INVOKING Berserk.
 10928 | D:10     | 10928 ||| READING 3 scrolls labelled JEOCLI NEPS.
 10929 | D:10     | 10929 ||| READING scroll labelled GOP QUFIWERU.
 10930 | D:10     | 10930 ||| READING 5 scrolls of identify.
 10930 | D:10     | 10930 ||| IDENTIFYING viscous sapphire potion
 10931 | D:10     | 10931 ||| DROPPING potion of magic.
 10932 | D:10     | 10932 ||| DROPPING 2 scrolls of summoning.
 10962 | D:11     | 10962 ||| STAIRDANCE
 10969 | D:11     | 10969 ||| INVOKING Berserk.
 10973 | D:11     | Reached skill level 6 in Armour
 10979 | D:11     | 10979 ||| STAIRDANCE
 11150 | D:11     | Noticed Harold
 11152 | D:11     | 11152 ||| INVOKING Berserk.
 11159 | D:11     | Killed Harold
 11360 | D:11     | Noticed an eight-headed hydra
 11361 | D:11     | 11361 ||| INVOKING Brothers in Arms.
 11362 | D:11     | 11362 ||| SWAPPING to +12 hand axe of Dim Light {flame,
                  | rC++ Int+2 Dex-5 Stlth+}.
 11363 | D:11     | 11363 ||| INVOKING Berserk.
 11365 | D:11     | Killed a six-headed hydra
 11371 | D:11     | 11371 ||| SWAPPING to +2 vampiric broad axe.
 11502 | D:11     | 11502 ||| READING scroll of enchant weapon.
 11502 | D:11     | 11502 ||| ENCHANTING +2 vampiric broad axe.
 11505 | D:11     | Found a staircase to the Lair.
 11507 | D:11     | 11507 ||| FLEEEEING.
 11545 | D:11     | 11545 ||| FLEEEEING.
 11546 | D:11     | 11546 ||| FLEEEEING.
 11547 | D:11     | 11547 ||| FLEEEEING.
 11708 | D:11     | 11708 ||| FLEEEEING.
 11709 | D:11     | 11709 ||| FLEEEEING.
 11710 | D:11     | 11710 ||| FLEEEEING.
 11711 | D:11     | 11711 ||| FLEEEEING.
 11712 | D:11     | 11712 ||| FLEEEEING.
 11713 | D:11     | 11713 ||| FLEEEEING.
 11960 | D:11     | 11960 ||| FLEEEEING.
 11962 | D:11     | 11962 ||| FLEEEEING.
 11963 | D:11     | 11963 ||| FLEEEEING.
 11964 | D:11     | 11964 ||| FLEEEEING.
 11965 | D:11     | 11965 ||| FLEEEEING.
 11965 | D:11     | HP: 19/99 [electric eel/bolt of electricity (11)]
 11966 | D:11     | 11966 ||| FLEEEEING.
 11967 | D:11     | 11967 ||| FLEEEEING.
 12286 | D:11     | 12286 ||| FLEEEEING.
 12289 | D:11     | 12289 ||| FLEEEEING.
 12290 | D:11     | 12290 ||| FLEEEEING.
 12293 | D:11     | 12293 ||| FLEEEEING.
 12294 | D:11     | 12294 ||| FLEEEEING.
 12295 | D:11     | 12295 ||| FLEEEEING.
 12296 | D:11     | 12296 ||| FLEEEEING.
 12297 | D:11     | 12297 ||| FLEEEEING.
 12298 | D:11     | 12298 ||| FLEEEEING.
 12528 | D:11     | 12528 ||| INVOKING Berserk.
 12646 | D:11     | Noticed an eight-headed hydra
 12647 | D:11     | 12647 ||| INVOKING Brothers in Arms.
 12648 | D:11     | Noticed a centaur warrior
 12651 | D:11     | 12651 ||| INVOKING Brothers in Arms.
 12652 | D:11     | 12652 ||| INVOKING Brothers in Arms.
 12653 | D:11     | 12653 ||| SWAPPING to +12 hand axe of Dim Light {flame,
                  | rC++ Int+2 Dex-5 Stlth+}.
 12654 | D:11     | 12654 ||| INVOKING Berserk.
 12655 | D:11     | Killed a seven-headed hydra
 12657 | D:11     | Noticed a centaur warrior
 12661 | D:11     | Killed a centaur warrior
 12662 | D:11     | Reached XP level 12. HP: 108/108 MP: 11/11
 12662 | D:11     | Identified the +4 short sword of Excruciating Pain {freeze,
                  | Fly rElec rC+ Str+2}
 12662 | D:11     | Noticed a six-headed hydra
 12666 | D:11     | Killed a centaur warrior
 12666 | D:11     | Noticed a rakshasa
 12669 | D:11     | Killed a four-headed hydra
 12670 | D:11     | 12670 ||| SWAPPING to +3 vampiric broad axe.
 12671 | D:11     | Killed a rakshasa
 12673 | D:11     | Reached skill level 18 in Axes
 12956 | D:11     | Identified the +1 quarterstaff of Spring {vorpal, rF+ rN+}
 13254 | D:11     | Noticed a boulder beetle
 13257 | D:11     | 13257 ||| INVOKING Berserk.
 13260 | D:11     | Killed a boulder beetle
 13261 | D:11     | Reached skill level 6 in Dodging
 13403 | D:11     | Noticed a two-headed ogre
 13408 | D:11     | Killed a two-headed ogre
 13659 | D:11     | 13659 ||| UPGRADING to amulet of the acrobat.
 13664 | D:11     | 13664 ||| DROPPING ring of flight.
 13665 | D:11     | 13665 ||| DRINKING 2 yellow potions.
 13666 | D:11     | 13666 ||| DROPPING potion of brilliance.
 14071 | D:10     | Found a stormy altar of Qazlal.
 14077 | D:10     | 14077 ||| PLANNING LAIR
 14142 | Lair:1   | Entered Level 1 of the Lair of Beasts
 14189 | Lair:1   | Noticed a five-headed hydra
 14190 | Lair:1   | 14190 ||| INVOKING Brothers in Arms.
 14191 | Lair:1   | 14191 ||| INVOKING Brothers in Arms.
 14192 | Lair:1   | 14192 ||| INVOKING Brothers in Arms.
 14193 | Lair:1   | 14193 ||| INVOKING Brothers in Arms.
 14194 | Lair:1   | 14194 ||| INVOKING Brothers in Arms.
 14195 | Lair:1   | 14195 ||| SWAPPING to +12 hand axe of Dim Light {flame,
                  | rC++ Int+2 Dex-5 Stlth+}.
 14196 | Lair:1   | 14196 ||| INVOKING Berserk.
 14198 | Lair:1   | Killed a three-headed hydra
 14199 | Lair:1   | Reached skill level 12 in Fighting
 14215 | Lair:1   | 14215 ||| SWAPPING to +3 vampiric broad axe.
 14438 | Lair:1   | 14438 ||| INVOKING Berserk.
 14698 | Lair:1   | 14698 ||| READING scroll of enchant armour.
 14698 | Lair:1   | 14698 ||| ENCHANTING +0 pair of boots.
 14977 | Lair:1   | 14977 ||| DROPPING amulet of faith.
 15024 | Lair:2   | 15024 ||| FLEEEEING.
 15025 | Lair:2   | 15025 ||| FLEEEEING.
 15026 | Lair:2   | 15026 ||| STAIRDANCE
 15033 | Lair:2   | 15033 ||| INVOKING Berserk.
 15042 | Lair:2   | 15042 ||| STAIRDANCE
 15229 | Lair:2   | 15229 ||| Stepping ~*~*~tactically~*~*~ (hiding).
 15238 | Lair:2   | 15238 ||| INVOKING Berserk.
 15256 | Lair:2   | 15256 ||| Stepping ~*~*~tactically~*~*~ (stealth).
 15258 | Lair:2   | 15258 ||| Stepping ~*~*~tactically~*~*~ (stealth).
 15327 | Lair:2   | 15327 ||| Stepping ~*~*~tactically~*~*~ (stealth).
 15422 | Lair:2   | Found a staircase to the Snake Pit.
 15430 | Lair:2   | 15430 ||| Stepping ~*~*~tactically~*~*~ (stealth).
 15453 | Lair:2   | 15453 ||| Stepping ~*~*~tactically~*~*~ (stealth).
 15456 | Lair:2   | 15456 ||| Stepping ~*~*~tactically~*~*~ (stealth).
 15594 | Lair:2   | Noticed a four-headed hydra
 15595 | Lair:2   | 15595 ||| INVOKING Brothers in Arms.
 15596 | Lair:2   | 15596 ||| INVOKING Brothers in Arms.
 15597 | Lair:2   | 15597 ||| INVOKING Brothers in Arms.
 15598 | Lair:2   | 15598 ||| INVOKING Brothers in Arms.
 15599 | Lair:2   | 15599 ||| INVOKING Brothers in Arms.
 15600 | Lair:2   | 15600 ||| INVOKING Brothers in Arms.
 15601 | Lair:2   | 15601 ||| INVOKING Brothers in Arms.
 15602 | Lair:2   | 15602 ||| SWAPPING to +12 hand axe of Dim Light {flame,
                  | rC++ Int+2 Dex-5 Stlth+}.
 15603 | Lair:2   | 15603 ||| INVOKING Berserk.
 15607 | Lair:2   | Killed a one-headed hydra
 15614 | Lair:2   | Reached XP level 13. HP: 85/122 MP: 12/12
 15824 | Lair:2   | 15824 ||| SWAPPING to +3 vampiric broad axe.
 15932 | Lair:2   | Reached skill level 9 in Armour
 15977 | Lair:2   | 15977 ||| SWAPPING to +12 hand axe of Dim Light {flame,
                  | rC++ Int+2 Dex-5 Stlth+}.
 15979 | Lair:2   | 15979 ||| INVOKING Berserk.
 15983 | Lair:2   | Reached skill level 9 in Shields
 15988 | Lair:2   | 15988 ||| SWAPPING to +3 vampiric broad axe.
 16202 | Lair:2   | 16202 ||| INVOKING Berserk.
 16519 | Lair:3   | 16519 ||| INVOKING Berserk.
 16595 | Lair:3   | Found a staircase to the Shoals.
 16650 | Lair:3   | 16650 ||| Stepping ~*~*~tactically~*~*~ (stealth).
 16651 | Lair:3   | 16651 ||| Stepping ~*~*~tactically~*~*~ (stealth).
 16652 | Lair:3   | 16652 ||| Stepping ~*~*~tactically~*~*~ (stealth).
 16654 | Lair:3   | 16654 ||| Stepping ~*~*~tactically~*~*~ (stealth).
 16661 | Lair:3   | 16661 ||| Stepping ~*~*~tactically~*~*~ (stealth).
 16664 | Lair:3   | 16664 ||| Stepping ~*~*~tactically~*~*~ (stealth).
 17001 | Lair:3   | Noticed Urug
 17004 | Lair:3   | 17004 ||| FLEEEEING.
 17005 | Lair:3   | 17005 ||| FLEEEEING.
 17006 | Lair:3   | 17006 ||| FLEEEEING.
 17007 | Lair:3   | 17007 ||| FLEEEEING.
 17008 | Lair:3   | 17008 ||| FLEEEEING.
 17009 | Lair:3   | 17009 ||| FLEEEEING.
 17010 | Lair:3   | 17010 ||| FLEEEEING.
 17011 | Lair:3   | 17011 ||| FLEEEEING.
 17012 | Lair:3   | 17012 ||| FLEEEEING.
 17013 | Lair:3   | 17013 ||| FLEEEEING.
 17014 | Lair:3   | 17014 ||| FLEEEEING.
 17015 | Lair:3   | 17015 ||| FLEEEEING.
 17016 | Lair:3   | 17016 ||| FLEEEEING.
 17017 | Lair:3   | 17017 ||| FLEEEEING.
 17018 | Lair:3   | 17018 ||| FLEEEEING.
 17019 | Lair:3   | 17019 ||| FLEEEEING.
 17020 | Lair:3   | 17020 ||| FLEEEEING.
 17021 | Lair:3   | 17021 ||| FLEEEEING.
 17022 | Lair:3   | 17022 ||| FLEEEEING.
 17024 | Lair:3   | 17024 ||| FLEEEEING.
 17028 | Lair:3   | 17028 ||| STAIRDANCE
 17138 | Lair:2   | 17138 ||| DROPPING +0 chain mail.
 17139 | Lair:2   | 17139 ||| UPGRADING to +0 plate armour.
 17149 | Lair:2   | 17149 ||| DROPPING +0 swamp dragon scales.
 17154 | Lair:3   | 17154 ||| INVOKING Berserk.
 17157 | Lair:3   | Killed Urug
 17163 | Lair:3   | 17163 ||| STAIRDANCE
 17380 | Lair:3   | 17380 ||| INVOKING Berserk.
 17518 | Lair:3   | 17518 ||| READING scroll of enchant weapon.
 17518 | Lair:3   | 17518 ||| ENCHANTING +3 vampiric broad axe.
 17606 | Lair:3   | 17606 ||| DRINKING 2 blue potions.
 17612 | Lair:4   | 17612 ||| PLANNING GAUNTLET
 17616 | Lair:4   | 17616 ||| Stepping ~*~*~tactically~*~*~ (stealth).
 17695 | Lair:4   | 17695 ||| FLEEEEING.
 17760 | Lair:4   | 17760 ||| FLEEEEING.
 17761 | Lair:4   | 17761 ||| FLEEEEING.
 17828 | Lair:4   | 17828 ||| FLEEEEING.
 17829 | Lair:4   | 17829 ||| FLEEEEING.
 17830 | Lair:4   | 17830 ||| FLEEEEING.
 18003 | Lair:4   | 18003 ||| INVOKING Berserk.
 18144 | Lair:4   | 18144 ||| RIP GAUNTLET
 18280 | Lair:4   | 18280 ||| PLANNING LAIR
 18332 | Lair:4   | 18332 ||| Stepping ~*~*~tactically~*~*~ (cloud).
 18334 | Lair:4   | 18334 ||| INVOKING Berserk.
 18611 | Lair:4   | 18611 ||| Stepping ~*~*~tactically~*~*~ (stealth).
 18612 | Lair:4   | 18612 ||| Stepping ~*~*~tactically~*~*~ (stealth).
 18613 | Lair:4   | 18613 ||| Stepping ~*~*~tactically~*~*~ (stealth).
 18630 | Lair:4   | Noticed Sonja
 18645 | Lair:4   | 18645 ||| INVOKING Berserk.
 18648 | Lair:4   | Killed Sonja
 18938 | Lair:4   | 18938 ||| INVOKING Berserk.
 19020 | Lair:4   | 19020 ||| Stepping ~*~*~tactically~*~*~ (stealth).
 19040 | Lair:4   | 19040 ||| INVOKING Berserk.
 19042 | Lair:4   | Reached skill level 6 in Throwing
 19223 | Lair:4   | 19223 ||| Stepping ~*~*~tactically~*~*~ (stealth).
 19317 | Lair:4   | Found a runed translucent door.
 19317 | Lair:4   | Noticed qw's ghost (journeyman GrBe)
 19403 | Lair:4   | 19403 ||| INVOKING Berserk.
 19694 | Lair:4   | Reached skill level 12 in Armour
 19811 | Lair:5   | Entered Level 5 of the Lair of Beasts
 19812 | Lair:5   | 19812 ||| INVOKING Berserk.
 19827 | Lair:5   | 19827 ||| FLEEEEING.
 19828 | Lair:5   | 19828 ||| FLEEEEING.
 19829 | Lair:5   | 19829 ||| STAIRDANCE
 19935 | Lair:5   | 19935 ||| INVOKING Berserk.
 19943 | Lair:5   | 19943 ||| STAIRDANCE
 20064 | Lair:5   | Reached XP level 14. HP: 110/132 MP: 13/13
 20273 | Lair:5   | 20273 ||| Stepping ~*~*~tactically~*~*~ (stealth).
 20281 | Lair:5   | 20281 ||| INVOKING Brothers in Arms.
 20285 | Lair:5   | 20285 ||| SWAPPING to +12 hand axe of Dim Light {flame,
                  | rC++ Int+2 Dex-5 Stlth+}.
 20287 | Lair:5   | 20287 ||| INVOKING Berserk.
 20305 | Lair:5   | 20305 ||| SWAPPING to +4 vampiric broad axe.
 20428 | Lair:5   | 20428 ||| READING 3 scrolls of enchant weapon.
 20428 | Lair:5   | 20428 ||| ENCHANTING +4 vampiric broad axe.
 20429 | Lair:5   | 20429 ||| READING 2 scrolls of enchant weapon.
 20429 | Lair:5   | 20429 ||| ENCHANTING +5 vampiric broad axe.
 20430 | Lair:5   | 20430 ||| READING scroll of enchant weapon.
 20430 | Lair:5   | 20430 ||| ENCHANTING +6 vampiric broad axe.
 20482 | Lair:5   | 20482 ||| Stepping ~*~*~tactically~*~*~ (stealth).
 20483 | Lair:5   | 20483 ||| Stepping ~*~*~tactically~*~*~ (stealth).
 20485 | Lair:5   | 20485 ||| Stepping ~*~*~tactically~*~*~ (stealth).
 20486 | Lair:5   | 20486 ||| Stepping ~*~*~tactically~*~*~ (stealth).
 20488 | Lair:5   | 20488 ||| Stepping ~*~*~tactically~*~*~ (stealth).
 20490 | Lair:5   | 20490 ||| Stepping ~*~*~tactically~*~*~ (stealth).
 20495 | Lair:5   | 20495 ||| Stepping ~*~*~tactically~*~*~ (stealth).
 20497 | Lair:5   | 20497 ||| Stepping ~*~*~tactically~*~*~ (stealth).
 20743 | Lair:5   | 20743 ||| INVOKING Brothers in Arms.
 20746 | Lair:5   | 20746 ||| SWAPPING to +12 hand axe of Dim Light {flame,
                  | rC++ Int+2 Dex-5 Stlth+}.
 20747 | Lair:5   | 20747 ||| INVOKING Berserk.
 20755 | Lair:5   | 20755 ||| SWAPPING to +7 vampiric broad axe.
 20873 | Lair:5   | 20873 ||| Stepping ~*~*~tactically~*~*~ (stealth).
 20885 | Lair:5   | 20885 ||| Stepping ~*~*~tactically~*~*~ (stealth).
 20893 | Lair:5   | 20893 ||| Stepping ~*~*~tactically~*~*~ (stealth).
 20925 | Lair:5   | 20925 ||| Stepping ~*~*~tactically~*~*~ (stealth).
 20926 | Lair:5   | 20926 ||| INVOKING Berserk.
 20932 | Lair:5   | Reached skill level 15 in Fighting
 20966 | Lair:5   | 20966 ||| Stepping ~*~*~tactically~*~*~ (stealth).
 21033 | Lair:5   | 21033 ||| INVOKING Berserk.
 21144 | Lair:5   | Found the +7 great mace "Firestarter" {inner flame, rF++}
 21192 | Lair:5   | 21192 ||| INVOKING Berserk.
 21539 | Lair:5   | 21539 ||| READING scroll of enchant weapon.
 21539 | Lair:5   | 21539 ||| ENCHANTING +7 vampiric broad axe.
 21715 | Lair:5   | Found a staircase to the Slime Pits.
 21717 | Lair:5   | 21717 ||| INVOKING Berserk.
 21865 | Lair:5   | 21865 ||| READING scroll of enchant armour.
 21865 | Lair:5   | 21865 ||| ENCHANTING +1 pair of boots.
 21897 | Lair:5   | 21897 ||| PLANNING D
 21897 | Lair:5   | 21897 ||| UPGRADING to +2 hat.
 21902 | Lair:5   | 21902 ||| DROPPING scarf of invisibility.
 21903 | Lair:5   | 21903 ||| UPGRADING to ring of see invisible.
 22010 | D:12     | 22010 ||| INVOKING Berserk.
 22177 | D:12     | 22177 ||| Stepping ~*~*~tactically~*~*~ (hiding).
 22178 | D:12     | 22178 ||| Stepping ~*~*~tactically~*~*~ (hiding).
 22225 | D:12     | 22225 ||| Stepping ~*~*~tactically~*~*~ (stealth).
 22301 | D:12     | Noticed Fannar
 22309 | D:12     | Killed Fannar
 22362 | D:12     | 22362 ||| INVOKING Berserk.
 22366 | D:12     | Reached skill level 9 in Throwing
 22488 | D:12     | 22488 ||| Stepping ~*~*~tactically~*~*~ (hiding).
 22506 | D:12     | 22506 ||| Stepping ~*~*~tactically~*~*~ (stealth).
 22529 | D:12     | Found a staircase to the Orcish Mines.
 22673 | D:12     | 22673 ||| INVOKING Brothers in Arms.
 22674 | D:12     | 22674 ||| INVOKING Brothers in Arms.
 22676 | D:12     | 22676 ||| SWAPPING to +12 hand axe of Dim Light {flame,
                  | rC++ Int+2 Dex-5 Stlth+}.
 22677 | D:12     | 22677 ||| INVOKING Berserk.
 22682 | D:12     | 22682 ||| SWAPPING to +8 vampiric broad axe.
 23078 | D:13     | 23078 ||| INVOKING Berserk.
 23210 | D:13     | 23210 ||| Stepping ~*~*~tactically~*~*~ (stealth).
 23213 | D:13     | 23213 ||| Stepping ~*~*~tactically~*~*~ (stealth).
 23218 | D:13     | 23218 ||| Stepping ~*~*~tactically~*~*~ (stealth).
 23219 | D:13     | 23219 ||| Stepping ~*~*~tactically~*~*~ (stealth).
 23226 | D:13     | 23226 ||| Stepping ~*~*~tactically~*~*~ (stealth).
 23277 | D:13     | Found a gate to the Vaults.
 23296 | D:13     | Reached XP level 15. HP: 131/144 MP: 14/14
 23396 | D:13     | Found a transporter.
 23411 | D:13     | 23411 ||| Stepping ~*~*~tactically~*~*~ (stealth).
 23414 | D:13     | 23414 ||| Stepping ~*~*~tactically~*~*~ (stealth).
 23431 | D:13     | Found a transporter.
 23438 | D:13     | Found a transporter.
 23478 | D:13     | 23478 ||| Stepping ~*~*~tactically~*~*~ (water).
 23479 | D:13     | 23479 ||| INVOKING Berserk.
 23857 | D:13     | 23857 ||| Stepping ~*~*~tactically~*~*~ (hiding).
 24055 | D:13     | Noticed Josephine
 24061 | D:13     | Killed Josephine
 24153 | D:13     | Found a transporter.
 24310 | D:13     | Found Eneboco's Weapon Shoppe.
 24537 | D:13     | 24537 ||| UPGRADING to +0 tower shield.
 24547 | D:13     | 24547 ||| DROPPING +0 buckler.
 24548 | D:13     | 24548 ||| DROPPING +6 ring of strength.
 24549 | D:13     | 24549 ||| DRINKING 3 black potions.
 24549 | D:13     | Gained mutation: Your magical capacity is low. (-10% MP)
                  | [potion of mutation]
 24549 | D:13     | Gained mutation: You are somewhat resistant to further
                  | mutation. [potion of mutation]
 24673 | D:14     | Found Xiepysor's Assorted Antiques.
 24687 | D:14     | 24687 ||| BUYING cloak (76 gold).
 24687 | D:14     | Bought a cloak for 76 gold pieces
 24720 | D:14     | 24720 ||| Stepping ~*~*~tactically~*~*~ (stealth).
 24845 | D:14     | 24845 ||| READING scroll of enchant weapon.
 24845 | D:14     | 24845 ||| ENCHANTING +8 vampiric broad axe.
 24998 | D:14     | 24998 ||| Stepping ~*~*~tactically~*~*~ (stealth).
 25001 | D:14     | Noticed Kirke
 25002 | D:14     | 25002 ||| INVOKING Trog's Hand.
 25004 | D:14     | 25004 ||| INVOKING Brothers in Arms.
 25006 | D:14     | 25006 ||| INVOKING Berserk.
 25011 | D:14     | Killed Kirke
 25383 | D:14     | 25383 ||| Stepping ~*~*~tactically~*~*~ (stealth).
 25499 | D:14     | Found a hazy altar of Hepliaklqana.
 25505 | D:14     | 25505 ||| UPGRADING to +1 plate armour of fire resistance.
 25515 | D:14     | 25515 ||| DROPPING +0 plate armour.
 25516 | D:14     | 25516 ||| UPGRADING to +0 cloak.
 25521 | D:14     | 25521 ||| DROPPING +2 pair of boots of rampaging.
 25522 | D:14     | 25522 ||| READING 23 scrolls of identify.
 25522 | D:14     | 25522 ||| IDENTIFYING bubbling blue potion
 25523 | D:14     | 25523 ||| DROPPING potion of attraction.
 25559 | D:15     | Entered Level 15 of the Dungeon
 25579 | D:15     | HP: 30/147 [freezing wraith[a death knight] (9)]
 25580 | D:15     | 25580 ||| READING 11 scrolls of teleportation.
 25581 | D:15     | 25581 ||| DRINKING 5 potions of heal wounds.
 25582 | D:15     | 25582 ||| DRINKING 4 potions of heal wounds.
 25583 | D:15     | 25583 ||| INVOKING Berserk.
 25784 | D:15     | Reached skill level 12 in Shields
 25836 | D:15     | 25836 ||| Stepping ~*~*~tactically~*~*~ (stealth).
 25837 | D:15     | 25837 ||| Stepping ~*~*~tactically~*~*~ (stealth).
 25839 | D:15     | 25839 ||| INVOKING Brothers in Arms.
 25840 | D:15     | 25840 ||| SWAPPING to +12 hand axe of Dim Light {flame,
                  | rC++ Int+2 Dex-5 Stlth+}.
 25842 | D:15     | 25842 ||| SWAPPING to +9 vampiric broad axe.
 25863 | D:15     | 25863 ||| INVOKING Trog's Hand.
 25865 | D:15     | 25865 ||| Stepping ~*~*~tactically~*~*~ (hiding).
 25866 | D:15     | 25866 ||| INVOKING Berserk.
 26027 | D:15     | 26027 ||| Stepping ~*~*~tactically~*~*~ (stealth).
 26149 | D:15     | 26149 ||| INVOKING Trog's Hand.
 26160 | D:15     | 26160 ||| Stepping ~*~*~tactically~*~*~ (hiding).
 26161 | D:15     | 26161 ||| INVOKING Berserk.
 26388 | D:15     | Found a staircase to the Depths.
 26456 | D:15     | 26456 ||| INVOKING Brothers in Arms.
 26458 | D:15     | 26458 ||| SWAPPING to +12 hand axe of Dim Light {flame,
                  | rC++ Int+2 Dex-5 Stlth+}.
 26463 | D:15     | 26463 ||| SWAPPING to +9 vampiric broad axe.
 26531 | D:15     | 26531 ||| READING scroll of enchant armour.
 26531 | D:15     | 26531 ||| ENCHANTING +1 plate armour of fire resistance.
 26539 | D:15     | 26539 ||| Stepping ~*~*~tactically~*~*~ (cloud).
 26728 | D:15     | 26728 ||| PLANNING ORC
 26728 | D:15     | 26728 ||| UPGRADING to amulet of reflection.
 26738 | D:15     | 26738 ||| DROPPING amulet of the acrobat.
 26834 | Orc:1    | Entered Level 1 of the Orcish Mines
 27002 | Orc:1    | 27002 ||| Stepping ~*~*~tactically~*~*~ (hiding).
 27007 | Orc:1    | 27007 ||| Stepping ~*~*~tactically~*~*~ (hiding).
 27050 | Orc:2    | Entered Level 2 of the Orcish Mines
 27051 | Orc:2    | 27051 ||| STAIRDANCE
 27155 | Orc:2    | 27155 ||| STAIRDANCE
 27192 | Orc:2    | 27192 ||| STAIRDANCE
 27200 | Orc:2    | 27200 ||| STAIRDANCE
 27205 | Orc:2    | Noticed an orc warlord
 27206 | Orc:2    | 27206 ||| STAIRDANCE
 27216 | Orc:2    | 27216 ||| STAIRDANCE
 27227 | Orc:2    | 27227 ||| STAIRDANCE
 27229 | Orc:1    | 27229 ||| INVOKING Brothers in Arms.
 27230 | Orc:1    | 27230 ||| INVOKING Berserk.
 27235 | Orc:1    | Killed an orc warlord
 27349 | Orc:2    | 27349 ||| STAIRDANCE
 27356 | Orc:2    | 27356 ||| STAIRDANCE
 27366 | Orc:2    | 27366 ||| STAIRDANCE
 27371 | Orc:2    | 27371 ||| STAIRDANCE
 27449 | Orc:2    | 27449 ||| INVOKING Trog's Hand.
 27451 | Orc:2    | 27451 ||| INVOKING Berserk.
 27463 | Orc:2    | 27463 ||| INVOKING Brothers in Arms.
 27557 | Orc:2    | Found a staircase to the Elven Halls.
 27560 | Orc:2    | Noticed Saint Roka
 27561 | Orc:2    | 27561 ||| Stepping ~*~*~tactically~*~*~ (hiding).
 27567 | Orc:2    | 27567 ||| Stepping ~*~*~tactically~*~*~ (hiding).
 27569 | Orc:2    | 27569 ||| INVOKING Trog's Hand.
 27572 | Orc:2    | 27572 ||| INVOKING Berserk.
 27590 | Orc:2    | Found Amif's General Store.
 27593 | Orc:2    | 27593 ||| INVOKING Brothers in Arms.
 27615 | Orc:2    | Killed Saint Roka
 27616 | Orc:2    | Reached skill level 15 in Shields
 27620 | Orc:2    | 27620 ||| INVOKING Brothers in Arms.
 27622 | Orc:2    | Found Fawef's Antique Weapon Shop.
 27943 | Orc:2    | 27943 ||| DROPPING +12 hand axe of Dim Light {flame, rC++
                  | Int+2 Dex-5 Stlth+}.
 27951 | Orc:2    | 27951 ||| BUYING potion of might (64 gold).
 27951 | Orc:2    | Bought a potion of might for 64 gold pieces
 27951 | Orc:2    | 27951 ||| BUYING wand of digging (4) (268 gold).
 27951 | Orc:2    | Bought a wand of digging (4) for 268 gold pieces
 28102 | Orc:2    | Found Legriv's Jewellery Shop.
 28111 | Orc:2    | 28111 ||| BUYING ring of fire (425 gold).
 28111 | Orc:2    | Bought a ring of fire for 425 gold pieces
 28111 | Orc:2    | 28111 ||| BUYING ring of protection from fire (425 gold).
 28111 | Orc:2    | Bought a ring of protection from fire for 425 gold pieces
 28178 | Orc:2    | Found Goefuy's Antique Armour Shop.
 28479 | Orc:2    | 28479 ||| DROPPING ring of fire.
 28499 | Orc:1    | 28499 ||| Stepping ~*~*~tactically~*~*~ (hiding).
 28507 | Orc:1    | 28507 ||| INVOKING Berserk.
 28525 | Orc:1    | Reached XP level 16. HP: 155/155 MP: 13/13
 29023 | Orc:1    | 29023 ||| PLANNING SNAKE:1-3
 29161 | Snake:1  | Entered Level 1 of the Snake Pit
 29467 | Snake:1  | 29467 ||| Stepping ~*~*~tactically~*~*~ (hiding).
 29478 | Snake:1  | 29478 ||| Stepping ~*~*~tactically~*~*~ (hiding).
 29479 | Snake:1  | 29479 ||| Stepping ~*~*~tactically~*~*~ (hiding).
 29484 | Snake:1  | 29484 ||| INVOKING Berserk.
 29629 | Snake:1  | Found Veur's Assorted Antiques.
 29638 | Snake:1  | 29638 ||| BUYING pair of embroidered gloves (195 gold).
 29638 | Snake:1  | Bought a pair of embroidered gloves for 195 gold pieces
 29638 | Snake:1  | 29638 ||| BUYING pair of scorched gloves (247 gold).
 29638 | Snake:1  | Bought a pair of scorched gloves for 247 gold pieces
 29638 | Snake:1  | Identified the +0 pair of gloves of Amorality {rN+ Will+
                  | Dex+2} (You bought it in a shop on level 1 of the Snake
                  | Pit)
 29638 | Snake:1  | 29638 ||| BUYING scroll of brand weapon (247 gold).
 29638 | Snake:1  | Bought a scroll of brand weapon for 247 gold pieces
 30037 | Snake:1  | 30037 ||| DROPPING +2 pair of gloves.
 30038 | Snake:1  | 30038 ||| DROPPING +0 pair of gloves of Amorality {rN+
                  | Will+ Dex+2}.
 30084 | Snake:2  | Found Nocsaud's Antique Armour Shop.
 30090 | Snake:2  | Found Polofob's Book Emporium.
 30113 | Snake:2  | 30113 ||| BUYING shiny chain mail (315 gold).
 30113 | Snake:2  | Bought a shiny chain mail for 315 gold pieces
 30233 | Snake:2  | 30233 ||| READING scroll of enchant armour.
 30233 | Snake:2  | 30233 ||| ENCHANTING +2 plate armour of fire resistance.
 30250 | Snake:2  | 30250 ||| INVOKING Berserk.
 30401 | Snake:2  | 30401 ||| Stepping ~*~*~tactically~*~*~ (hiding).
 30402 | Snake:2  | 30402 ||| Stepping ~*~*~tactically~*~*~ (hiding).
 30457 | Snake:2  | Found Huefe's Magic Scroll Boutique.
 30462 | Snake:2  | 30462 ||| BUYING scroll of brand weapon (95 gold).
 30462 | Snake:2  | Bought a scroll of brand weapon for 95 gold pieces
 30462 | Snake:2  | 30462 ||| BUYING scroll of teleportation (30 gold).
 30462 | Snake:2  | Bought a scroll of teleportation for 30 gold pieces
 30462 | Snake:2  | 30462 ||| BUYING scroll of teleportation (30 gold).
 30462 | Snake:2  | Bought a scroll of teleportation for 30 gold pieces
 30489 | Snake:2  | 30489 ||| INVOKING Berserk.
 30633 | Snake:2  | 30633 ||| Stepping ~*~*~tactically~*~*~ (hiding).
 30647 | Snake:2  | Found Bixiz's General Store.
 30733 | Snake:2  | 30733 ||| Stepping ~*~*~tactically~*~*~ (stealth).
 30735 | Snake:2  | 30735 ||| Stepping ~*~*~tactically~*~*~ (stealth).
 30743 | Snake:2  | Received a gift from Trog
 30773 | Snake:2  | 30773 ||| Stepping ~*~*~tactically~*~*~ (stealth).
 30776 | Snake:2  | 30776 ||| INVOKING Berserk.
 30786 | Snake:2  | Noticed Vashnia
 30787 | Snake:2  | 30787 ||| INVOKING Brothers in Arms.
 30797 | Snake:2  | Killed Vashnia
 30798 | Snake:2  | 30798 ||| INVOKING Brothers in Arms.
 31044 | Snake:2  | 31044 ||| DROPPING +3 chain mail of fire resistance.
 31045 | Snake:2  | 31045 ||| DRINKING 2 murky coppery potions.
 31074 | Snake:3  | Reached skill level 18 in Shields
 31084 | Snake:3  | 31084 ||| Stepping ~*~*~tactically~*~*~ (stealth).
 31193 | Snake:3  | 31193 ||| Stepping ~*~*~tactically~*~*~ (stealth).
 31233 | Snake:3  | 31233 ||| Stepping ~*~*~tactically~*~*~ (stealth).
 31237 | Snake:3  | 31237 ||| Stepping ~*~*~tactically~*~*~ (stealth).
 31308 | Snake:3  | 31308 ||| Stepping ~*~*~tactically~*~*~ (hiding).
 31319 | Snake:3  | 31319 ||| INVOKING Berserk.
 31345 | Snake:3  | HP: 31/155 [anaconda (13)]
 31346 | Snake:3  | 31346 ||| READING 15 scrolls of teleportation.
 31347 | Snake:3  | 31347 ||| DRINKING 3 potions of heal wounds.
 31347 | Snake:3  | HP: 7/155 [anaconda (12)]
 31348 | Snake:3  | 31348 ||| DRINKING 2 potions of heal wounds.
 31349 | Snake:3  | 31349 ||| DRINKING 13 potions of curing.
 31349 | Snake:3  | 31349 ||| (to cure poison)
 31354 | Snake:3  | 31354 ||| READING 14 scrolls of teleportation.
 31355 | Snake:3  | 31355 ||| DRINKING potion of heal wounds.
 31359 | Snake:3  | HP: 23/155 [guardian serpent/bolt of poison (20)]
 31360 | Snake:3  | 31360 ||| READING 13 scrolls of teleportation.
 31360 | Snake:3  | HP: 4/155 [guardian serpent (8)]
 31363 | Snake:3  | 31363 ||| READING 12 scrolls of teleportation.
 31365 | Snake:3  | HP: 15/155 [poisoned by a guardian serpent (bolt of
                  | poison)]
 31365 | Snake:3  | HP: 2/155 [black mamba[a naga ritualist] (13)]
 31365 | Snake:3  | Shot with an arrow by a naga sharpshooter

Levels and vault maps discovered:
D:1:      minmay_arrival_five_plusses, layout_basic, basic_ecumenical_altar,
          minmay_pentomino_w4
D:2:      layout_loops_corners, serial_shops, nicolae_shop_hallway_plus
D:3:      layout_loops_ring, grunt_ministairs_13
D:4:      layout_loops_cross, tso_metal_star, portal_sewer_entry_e,
          serial_shops, shop, nrook_loot_triangle, dreamdust_wishing_well
D:5:      layout_cave_pools, uniq_edmund, uniq_menkaure
D:6:      layout_basic, temple_fountains, gammafunk_ghost_abyssal_escape,
          uniq_maggie, uniq_pikel
D:7:      layout_rooms, kiku_gazebo_pond_becter, nicolae_shop_vocational
D:8:      layout_basic, grunt_temple_overflow_open, enter_ossuary_5,
          uniq_prince_ribbit1
D:9:      layout_loops_ring, minivault_13
D:10:     layout_basic, nicolae_overflow_hidden_temple, enter_bailey_3,
          hangedman_fish_farm
D:11:     minmay_blocky_corners, layout_basic, erik_lair_island, uniq_harold
D:12:     layout_roguey, david_orc_3, grunt_ministairs_7, uniq_fannar
D:13:     layout_long_grid, lightli_vaults_fourway_checkpoint, serial_ice,
          serial_ice_d, serial_ice_o, serial_ice_a, serial_ice_k, serial_ice_e,
          serial_ice_h, serial_ice_g, serial_ice_c, serial_ice_b, serial_ice_f,
          portal_ice_cave_demonic_guard, serial_shops, shop_statue,
          nicolae_transporter_circle, uniq_josephine
D:14:     layout_stronghold, serial_shops, shop,
          nicolae_cairo_tiling_large_dashed,
          nicolae_hepliaklqana_monster_ancestors, uniq_kirke
D:15:     hangedman_depths_entry_civil_slaughter, layout_gridville,
          serial_park_tiny_pond
Lair:1:   layout_long_grid, serial_rivers, chequers_serial_rivers_small_a,
          chequers_serial_rivers_room_b, chequers_serial_rivers_large_b,
          chequers_serial_rivers_micro_b, chequers_serial_rivers_micro_e,
          chequers_serial_rivers_marsh, cheibrodos_lair_caveside_slide,
          dpeg_stationary_puzzle, grunt_megastairs_5, lemuel_fruit_tree
Lair:2:   layout_regular_city, minmay_snake_entry_guardpost_medium, pond
Lair:3:   layout_misc_corridors, minmay_shoals_entry_centaurs, minmay_holes,
          uniq_urug
Lair:4:   layout_cave_pods, gauntlet_entry_generic, ebering_ghost_inner_flame,
          uniq_sonja
Lair:5:   grunt_lair_end_beastmaster, layout_regular_city,
          dpeg_slime_entry_enclosed, grunt_megastairs_1
Snake:1:  layout_gridlike, serial_shops, shop_fountains, drop_trap,
          nicolae_snake_lava_pool
Snake:2:  layout_honeycomb, serial_shops, nicolae_take_the_stairs,
          nicolae_shop_advertising_works [nicolae_subvault_shop_adworks], shop,
          nicolae_shop_overgrown_old_shop, uniq_vashnia
Snake:3:  layout_grid_shapes, serial_bayou_pond_c, hangedman_snake_sidewinding,
          minmay_shop_star
Orc:1:    layout_caves
Orc:2:    grunt_orc_cross, layout_caves, lightli_volcano_entry_magma_tube

Skill      XL: |  1  2  3  4  5  6  7  8  9 10 11 12 13 14 15 16 |
---------------+-------------------------------------------------+-----
Axes           | 4 5 6 7 9 11 12 14 15 17 18 | 18.0
Throwing       | 1 3 4 6 9 |  9.0
Fighting       | 4 5 8 10 13 14 16 17 | 17.0
Armour         | 4 5 6 8 12 14 | 14.6
Shields        | 3 6 7 8 9 10 15 18 | 18.8
Dodging        | 4 7 8 |  8.0

Action                   |  1- 3 |  4- 6 |  7- 9 | 10-12 | 13-15 | 16-18 || total
-------------------------+-------+-------+-------+-------+-------+-------++-------
Melee: Hand axe          |   102 |    50 |   151 |    36 |    21 |       ||   360
       Headbutt          |     8 |     3 |    14 |    54 |   168 |    52 ||   299
       Broad axe         |       |       |     1 |   212 |   696 |   210 ||  1119
Throw: Boomerang         |     7 |    48 |    84 |    58 |    40 |       ||   237
       Javelin           |       |       |       |       |   189 |    18 ||   207
Invok: Berserk           |     1 |     4 |     6 |    18 |    32 |     5 ||    66
       Brothers in Arms  |       |       |       |     4 |    10 |     2 ||    16
       Trog's Hand       |       |       |       |       |     5 |       ||     5
  Use: Scroll            |     8 |     5 |     9 |     8 |    10 |     5 ||    45
       Potion            |       |     1 |     1 |     1 |     4 |     5 ||    12
Armor: Animal skin       |     5 |       |       |       |       |       ||     5
       Ring mail         |    23 |    10 |       |       |       |       ||    33
       Chain mail        |       |     4 |    23 |       |       |       ||    27
       Swamp dragon scal |       |       |    26 |    89 |    21 |       ||   136
       Plate armour      |       |       |       |       |   263 |    97 ||   360
Dodge: Dodged            |    66 |    13 |    40 |   116 |   281 |    33 ||   549
Block: Buckler           |       |       |     3 |    43 |    92 |       ||   138
       Tower shield      |       |       |       |       |   261 |   264 ||   525
       Reflection        |       |       |       |       |    11 |    42 ||    53

Table legend:
 A = Non-vault XP
 B = Vault XP
 C = Vault XP percentage of total XP
 D = Non-vault monster count
 E = Vault monster count
 F = Vault count percentage of total count
                 A         B        C        D         E       F
            +---------+---------+-------+---------+---------+-------
      Total |  127811 |   64688 |  33.6 |     569 |     237 |  29.4
            +---------+---------+-------+---------+---------+-------
        D:1 |      45 |      12 |  21.1 |      25 |       7 |  21.9
        D:2 |      43 |       1 |   2.3 |      10 |       1 |   9.1
        D:3 |     164 |       4 |   2.4 |      24 |       1 |   4.0
        D:4 |     168 |      23 |  12.0 |      16 |       8 |  33.3
        D:5 |     130 |     336 |  72.1 |      12 |       2 |  14.3
        D:6 |    1190 |    1095 |  47.9 |      22 |       2 |   8.3
        D:7 |    1276 |       0 |   0.0 |      24 |       0 |   0.0
        D:8 |    2717 |     274 |   9.2 |      20 |       1 |   4.8
        D:9 |    2974 |     857 |  22.4 |      18 |       1 |   5.3
       D:10 |    4206 |     313 |   6.9 |      20 |       5 |  20.0
       D:11 |    4371 |    6522 |  59.9 |      15 |      16 |  51.6
       D:12 |    6876 |    2980 |  30.2 |      19 |      15 |  44.1
       D:13 |    7346 |   11508 |  61.0 |      24 |      38 |  61.3
       D:14 |    5095 |    2255 |  30.7 |      16 |       7 |  30.4
       D:15 |   11117 |    3619 |  24.6 |      21 |       6 |  22.2
     Lair:1 |    4127 |     935 |  18.5 |      16 |       2 |  11.1
     Lair:2 |    5275 |    3859 |  42.2 |      25 |      13 |  34.2
     Lair:3 |    8084 |    1336 |  14.2 |      27 |       6 |  18.2
     Lair:4 |   10785 |     778 |   6.7 |      40 |       1 |   2.4
     Lair:5 |   14087 |   10212 |  42.0 |      45 |      24 |  34.8
    Snake:1 |    8979 |    3938 |  30.5 |      21 |       6 |  22.2
    Snake:2 |    8831 |    4909 |  35.7 |      15 |       4 |  21.1
    Snake:3 |   11549 |       0 |   0.0 |      18 |       0 |   0.0
      Orc:1 |    6910 |     800 |  10.4 |      59 |       7 |  10.6
      Orc:2 |    1466 |    7625 |  83.9 |      17 |      25 |  59.5
    Ossuary |       0 |     497 | 100.0 |       0 |      39 | 100.0
            +---------+---------+-------+---------+---------+-------
